 Dungeon Crawl Stone Soup version 0.31-a0-559-g03b8d61ab2 (webtiles) character file.

Game seed: 1947408489568963857

1238 Ijustatesigmund the Stinger (level 8, -6/51 HPs)
             Began as an Octopode Venom Mage on Aug 17, 2023.
             Mangled by AdnanSaban's ghost (15 damage)
             ... on level 4 of the Dungeon.
             The game lasted 00:13:39 (7267 turns).

Ijustatesigmund the Stinger (Octopode Venom Mage)   Turns: 7267, Time: 00:13:40

Health: -6/51      AC:  1    Str:  8    XL:     8   Next: 49%
Magic:  19/23      EV: 13    Int: 19    God:
Gold:   181        SH:  0    Dex: 12    Spells: 6/16 levels left

rFire   . . .        l - +0 quarterstaff
rCold   . . .        (shield currently unavailable)
rNeg    . . .        (helmet restricted)
rPois   .            (no amulet)
rElec   .            j - ring of magical power
rCorr   +            m - ring of willpower
SInv    .            q - ring of resist corrosion
Will    ++...        (no ring)
Stlth   +++          (no ring)
HPRegen 0.28/turn    (no ring)
MPRegen 0.18/turn    (no ring)
                     (no ring)

%: no passive effects
@: enlightened, flying
A: almost no armour, amphibious, 8 rings, camouflage 1, gelatinous body 1,
(nimble swimmer 1), tentacles
a: no special abilities


You were on level 4 of the Dungeon.
You visited 1 branch of the dungeon, and saw 6 of its levels.

You collected 181 gold pieces.

Inventory:

Hand Weapons
 c - a +0 war axe
 l - a +0 quarterstaff (weapon)
Jewellery
 j - a ring of magical power (left tentacle)
 m - a ring of willpower (right tentacle)
 q - a ring of resist corrosion (on tentacle)
Wands
 p - a wand of digging (3)
Scrolls
 b - a scroll of enchant armour
Potions
 a - 3 potions of magic
 d - 2 potions of cancellation
 e - 3 potions of attraction
 f - a potion of mutation {unknown}
 h - a potion of haste {unknown}
 i - 3 potions of curing
 k - 2 potions of enlightenment
 n - a potion of heal wounds {unknown}
 o - a potion of ambrosia {unknown}


   Skills:
 + Level 2.9 Fighting
 - Level 0.4 Axes
 - Level 2.0 Staves
 - Level 2.0 Dodging
 - Level 2.6 Stealth
 + Level 4.5 Spellcasting
 + Level 4.0 Conjurations
 - Level 1.0 Transmutations
 + Level 4.2 Air Magic
 + Level 6.6 Poison Magic


You had 6 spell levels left.
You knew the following spells:

 Your Spells              Type           Power      Damage    Failure   Level
a - Magic Dart            Conj           76%        1d6       2%          1
b - Poisonous Vapours     Pois/Air       50%        N/A       2%          2
c - Mephitic Cloud        Conj/Pois/Air  23%        N/A       4%          3
d - Olgreb's Toxic Radia  Pois           29%        N/A       9%          4

Your spell library contained the following spells:

 Spells                   Type           Power      Damage    Failure   Level
 Sting                    Tmut/Pois      72%        1d6       2%          1
 Cigotuvi's Dreadful Rot  Necr/Pois/Air  36%        N/A       4%          2
 Call Imp                 Summ           8%         N/A       21%         2
 Dispel Undead            Necr           4%         3d7       78%         4
 Death Channel            Necr           2%         N/A       100%        6


Dungeon Overview and Level Annotations

Branches:
Dungeon (6/15)
 Temple: D:4-7

Altars:
Ashenzari
Trog
Wu Jian

Shops:
D:3 (

Annotations:
D:3 2 transporters, niknal's ghost, amateur TeWr
D:4 AdnanSaban's ghost, novice GrFi
D:5 3 runed translucent doors, gyole's ghost, novice VSSh


Innate Abilities, Weirdness & Mutations

You cannot wear most types of armour.
You are amphibious.
You can wear up to eight rings at the same time.
Your skin changes colour to match your surroundings (Stealth+).
Your rubbery body absorbs attacks. (AC +1, EV +1)
((You are camouflaged when in or above water. (Stealth+)))
You have tentacles for arms and can constrict up to eight enemies at once.


Message History

Press: ? - help, Shift-Dir - straight line, f/p - AdnanSaban's ghost
Aim: AdnanSaban's ghost (moderately damaged, 100% to hit)
You miscast Magic Dart.
You are very lightly contaminated with residual magic.
Nothing appears to happen.
AdnanSaban's ghost hits you!
Casting: Magic Dart (safe; 2% risk of failure)
Confirm with . or Enter, or press ? or * to list all spells.
Aiming: Magic Dart (safe; 2% risk of failure)
Press: ? - help, Shift-Dir - straight line, f/p - AdnanSaban's ghost
Aim: AdnanSaban's ghost (moderately damaged, 100% to hit)
The magic dart hits AdnanSaban's ghost.
AdnanSaban's ghost is moderately damaged.
AdnanSaban's ghost closely misses you.
Casting: Magic Dart (safe; 2% risk of failure)
Confirm with . or Enter, or press ? or * to list all spells.
Aiming: Magic Dart (safe; 2% risk of failure)
Press: ? - help, Shift-Dir - straight line, f/p - AdnanSaban's ghost
Aim: AdnanSaban's ghost (moderately damaged, 100% to hit)
The magic dart hits AdnanSaban's ghost.
AdnanSaban's ghost is moderately damaged.
AdnanSaban's ghost closely misses you.
You hit AdnanSaban's ghost but do no damage.
AdnanSaban's ghost is moderately damaged.
AdnanSaban's ghost hits you. AdnanSaban's ghost hits you!
You barely miss AdnanSaban's ghost.
AdnanSaban's ghost is moderately damaged.
AdnanSaban's ghost hits you.
It was a potion of curing.
You feel better.
AdnanSaban's ghost shouts, "They lied to you.
The Dungeon just goes down and down forever."
AdnanSaban's ghost hits you.
It was a potion of enlightenment.
You feel very buoyant.
You fly up into the air.
AdnanSaban's ghost closely misses you.
Your magical contamination has completely faded away.
AdnanSaban's ghost attacks as you move away!
AdnanSaban's ghost hits you!
* * * LOW HITPOINT WARNING * * *
AdnanSaban's ghost attacks as you move away!
AdnanSaban's ghost hits you!
You die...

#.##.####.##
#..# #....#
#..........#
#..###.####
#...<####.##
#..##...###
##...# ###
#..........
###
##..#####
##.##....##
##.##
#......##
#.##....#
###...##
#.####..#
#.......#
.......###.#
##.##
####....#
........##.#
#.@.# ##.#.#
##.....###.#
#.W.# #.#.#
##>..## #.#
##'## #.#.##
##..# #.#
#.$.# #.#...
#..# #.#
#♣8♣# #.####
#..# #.# ###
#.#
#..####.#
#.#
#..##...#
##########
###.####
#..##.###
#........#
#.......


You could see AdnanSaban's ghost.

Vanquished Creatures
  Grinder (D:3)
  A wyvern (D:6)
  Eustachio (D:5)
  A phantom (D:6)
  A centaur (D:5)
  A gnoll sergeant (D:6)
  A scorpion (D:5)
  A howler monkey (D:5)
  3 orc priests
  A hound (D:5)
  3 jellies
  A gnoll bouda (D:6)
  6 gnolls
  5 adders
  An ufetubus (D:5)
  A worm (D:2)
  6 dart slugs
  7 orcs
  6 ball pythons
  9 endoplasms
  2 giant cockroaches
  7 goblins
  5 hobgoblins
  4 kobolds
  5 quokkas
  2 bats
  7 frilled lizards
  3 rats
92 creatures vanquished.

Notes
Turn   | Place    | Note
-------+----------+-------------------------------------------
     0 | D:1      | Ijustatesigmund the Octopode Venom Mage began the quest for
                  | the Orb.
     0 | D:1      | Reached XP level 1. HP: 11/11 MP: 3/3
   416 | D:1      | Reached XP level 2. HP: 18/18 MP: 5/5
   419 | D:1      | Learned a level 2 spell: Poisonous Vapours
   567 | D:1      | Reached skill level 4 in Poison Magic
   607 | D:1      | Reached skill level 1 in Fighting
   758 | D:1      | Reached XP level 3. HP: 23/23 MP: 3/6
   771 | D:1      | Learned a level 3 spell: Mephitic Cloud
   830 | D:1      | Found a faded altar of an unknown god.
  1489 | D:2      | Learned a level 1 spell: Magic Dart
  1546 | D:2      | You fall into a shaft and drop 2 floors!
  1758 | D:3      | Noticed Grinder
  1774 | D:4      | Reached skill level 1 in Air Magic
  1944 | D:4      | Found an ornate altar of the Wu Jian Council.
  2417 | D:3      | Reached XP level 4. HP: 29/29 MP: 3/8
  2475 | D:3      | Reached skill level 1 in Conjurations
  2731 | D:2      | Found a broken altar of Ashenzari.
  3322 | D:4      | Reached XP level 5. HP: 34/34 MP: 9/9
  4038 | D:4      | Found a runed translucent door.
  4038 | D:4      | Noticed AdnanSaban's ghost (novice GrFi)
  4471 | D:5      | Entered Level 5 of the Dungeon
  4471 | D:5      | Noticed gyole's ghost (novice VSSh)
  4471 | D:5      | Found a runed translucent gate.
  4471 | D:5      | Found a runed translucent gate.
  4471 | D:5      | Found a runed translucent gate.
  4635 | D:5      | Reached skill level 5 in Poison Magic
  4635 | D:5      | Reached XP level 6. HP: 34/39 MP: 10/10
  4690 | D:5      | Learned a level 4 spell: Olgreb's Toxic Radiance
  5253 | D:5      | Reached XP level 7. HP: 45/45 MP: 12/12
  5310 | D:5      | Noticed Eustachio
  5336 | D:5      | Killed Eustachio
  5337 | D:5      | Reached skill level 1 in Staves
  5745 | D:5      | Found a bloodstained altar of Trog.
  5855 | D:6      | Noticed a wyvern
  5873 | D:6      | Killed a wyvern
  5874 | D:6      | Reached skill level 6 in Poison Magic
  6101 | D:6      | Reached XP level 8. HP: 44/50 MP: 13/14
  6568 | D:3      | Noticed niknal's ghost (amateur TeWr)
  6568 | D:3      | Found a transporter.
  6721 | D:3      | Killed Grinder
  6960 | D:3      | Found Digig's Weapon Emporium.
  7042 | D:3      | Identified the +7 dire flail of Xawoh {freeze, rN+ Stlth+}
  7195 | D:3      | Found a transporter.
  7267 | D:4      | Mangled by AdnanSaban's ghost

Illustrated notes

Levels and vault maps discovered:
D:1:      dpeg_arrival_round_c, layout_basic, ebering_ecumenical_altar_rust
D:2:      layout_basic, basic_altar, corexii_corridor_pit,
          roderic_cross_of_infinity
D:3:      layout_loops_ring, gammafunk_ghost_smash, serial_shops, shop_statue,
          uniq_grinder
D:4:      layout_loops_ring, general_overflow_altar, gammafunk_ghost_grave,
          kennysheep_generic_room_11
D:5:      layout_basic, mainiacjoe_overflow_alcove_2, ebering_ghost_rock_garden,
          serial_bayou_pond_a, uniq_eustachio
D:6:      layout_loops_cross, jmf_multi_god_temple2, minmay_temple_entry_mist,
          nicolae_grassy_gnolls, uniq_edmund

Skill      XL: |  1  2  3  4  5  6  7  8 |
---------------+-------------------------+-----
Poison Magic   | 4 5 6 |  6.6
Fighting       | 1 2 |  2.9
Air Magic      | 1 2 3 4 |  4.2
Conjurations   | 1 2 3 4 |  4.0
Spellcasting   | 3 4 |  4.5
Staves         | 2 |  2.0
Axes           | |  0.4
Dodging        | |  2.0
Stealth        | |  2.6
Transmutations | |  1.0

Action                     |  1- 3 |  4- 6 |  7- 9 || total
---------------------------+-------+-------+-------++-------
  Melee: Unarmed           |     5 |       |       ||     5
         Dagger            |    50 |       |       ||    50
         Constrict         |    12 |    12 |    12 ||    36
         Tentacles         |    12 |     8 |    11 ||    31
         Punch             |     1 |     1 |     2 ||     4
         Hand axe          |       |    24 |       ||    24
         Quarterstaff      |       |    30 |    58 ||    88
   Cast: Sting             |    10 |       |       ||    10
         Poisonous Vapours |    26 |    33 |    31 ||    90
         Magic Dart        |     4 |    22 |    19 ||    45
         Mephitic Cloud    |     1 |     2 |     5 ||     8
    Use: Scroll            |     3 |     4 |     5 ||    12
         Potion            |       |       |     2 ||     2
   Stab: Sleeping          |     6 |     2 |     1 ||     9
         Confused          |       |       |     1 ||     1
 Armour: Skin              |     4 |     5 |    11 ||    20
  Dodge: Dodged            |    30 |    47 |    42 ||   119

Table legend: (Time is in decaauts)
 A = Elapsed time spent in this place.
 B = Non-inter-level travel time spent in this place.
 C = Inter-level travel time spent in this place.
 D = Time resting spent in this place.
 E = Time spent auto-exploring this place.
 F = Levels seen in this place.
 G = Mean time per level.
                   A        B        C        D        E       F      G
               +--------+--------+--------+--------+--------+-----+--------+
         Total |   7294 |   7092 |    202 |   2543 |   3717 |   6 | 1215.7 |
       Dungeon |   7294 |   7092 |    202 |   2543 |   3717 |   6 | 1215.7 |
               +--------+--------+--------+--------+--------+-----+--------+

Top non-repeatable levels by time:
     D:4: 1850 daAuts
     D:5: 1591 daAuts
     D:1: 1365 daAuts
     D:3: 1266 daAuts
     D:2: 722 daAuts
     D:6: 498 daAuts
